 Dungeon Crawl Stone Soup version 0.28.0-53-g5a82cb258f (webtiles) character file.

Game seed: 10264812375096834899

724 Stomo the Cutter (level 7, -2/55 HPs)
             Began as a Demonspawn Gladiator on July 4, 2022.
             Slain by an orc priest
             ... wielding a +0 flail
              (9 damage)
             ... in the Ecumenical Temple.
             The game lasted 00:06:04 (5178 turns).

Stomo the Cutter (Demonspawn Gladiator)             Turns: 5178, Time: 00:06:04

Health: -2/55      AC:  6    Str: 22    XL:     7   Next: 43%
Magic:  7/7        EV: 12    Int: 10    God:
Gold:   225        SH:  0    Dex: 14    Spells: 6/6 levels left

rFire   . . .      SeeInvis .   a - +0 rapier
rCold   . . .      Faith    .   (no shield)
rNeg    . . .      Spirit   .   l - +0 ring mail
rPois   .          Reflect  .   c - +0 helmet
rElec   .          Harm     .   (no cloak)
rCorr   .          Rampage  .   (no gloves)
Will    +....                   (no boots)
Stlth   +.........              (no amulet)
HPRegen 0.18/turn               i - ring of willpower
MPRegen 0.10/turn               q - +6 ring of strength

@: hasted, very quick
A: powered by pain 2, weakness stinger 1, demonic touch 1
a: no special abilities


You were in the Ecumenical Temple.
You visited 2 branches of the dungeon, and saw 6 of its levels.

You collected 225 gold pieces.

Inventory:

Hand Weapons
 a - a +0 rapier (weapon)
 p - a +0 rapier
Armour
 b - a +0 leather armour
 c - a +0 helmet (worn)
 j - a scarf of invisibility
 l - a +0 ring mail (worn)
Jewellery
 i - a ring of willpower (left hand)
 q - a +6 ring of strength (right hand)
Wands
 t - a wand of acid (10)
Scrolls
 d - a scroll of magic mapping
 e - a scroll of teleportation
 g - 7 scrolls of identify
 h - a scroll of noise
 k - a scroll of fear
 s - a scroll of brand weapon {unknown}
 u - a scroll of holy word {unknown}
Potions
 n - a potion of mutation
 r - 2 potions of degeneration {unknown}
 v - a potion of curing {unknown}
 w - a potion of invisibility {unknown}


   Skills:
 + Level 4.4 Fighting
 + Level 4.6 Short Blades
 - Level 1.8 Throwing
 + Level 3.5 Armour
 + Level 4.5 Dodging


You had 6 spell levels left.
You didn't know any spells.
Your spell library was empty.

Dungeon Overview and Level Annotations

Branches:
Dungeon (5/15)             Temple (1/1) D:5

Altars:
Ashenzari
Dithmenos
Fedhas
Makhleb
Nemelex Xobeh
Ru
Sif Muna
Trog
Zin

Shops:
D:4 =[=

Annotations:
D:2 Sigmund
D:5 Blork the orc


Innate Abilities, Weirdness & Mutations

You sometimes gain power by taking damage.
You have a small tail.
Your touch may inflict minor irresistible damage on your foes.


Message History

You resist with some effort.
An orc comes into view. It is wielding a +0 club.
The orc priest casts a cantrip, but nothing happens.
The orc shouts!
You hear a shout!
Found a metallic white potion.
Blork the orc comes into view.
He is wielding a +0 glaive.
The orc priest invokes the aid of Beogh against you.
Beogh smites you! The orc hits you but does no damage.
Blork the orc casts a spell at you. The puff of frost hits you!
Blork the orc mumbles some strange words.
Blork the orc seems to speed up.
Unknown command.
Blork the orc closely misses you.
The orc priest looks encouraged for a moment.
As you read the scroll of fog, it crumbles to dust.
The scroll dissolves into smoke.
Blork the orc hits you from afar with a +0 glaive!
The orc hits you with a +0 club.
Unknown command.
Blork the orc gestures at you while chanting.
The puff of frost hits you.
Blork the orc grins evilly.
Blork the orc hits you from afar with a +0 glaive.
There is a staircase to the Ecumenical Temple here.
Blork the orc closely misses you.
The orc priest calls down the wrath of Beogh upon you.
Beogh smites you!
* * * LOW HITPOINT WARNING * * *
The orc priest casts a cantrip, but nothing happens.
You climb downwards.
Welcome to the Ecumenical Temple!
Found a sparkling altar of Nemelex Xobeh and a blossoming altar of Fedhas.
There is a staircase back to the Dungeon here.
It was a potion of cancellation.
You feel magically purged. The orc priest misses you.
Unknown command.
It was a potion of haste.
You feel yourself speed up.
The orc priest hits you with a +0 flail!
You die...

._. ... ... #.#
#######.#######
...............
......o........
.......@.......
...............
...............
#######.#######
#.# ... ... ._.


You could see an orc priest.

Vanquished Creatures
  3 black bears
  A necrophage (D:4)
  An ogre (D:4)
  A scorpion (D:4)
  An orc priest (D:4)
  A centaur zombie (D:5)
  An iguana (D:4)
  Terence (D:3)
  3 adders
  An ufetubus (D:5)
  4 dart slugs
  9 orcs
  4 bats
  7 endoplasms
  2 giant cockroaches (D:2)
  7 goblins
  4 hobgoblins
  A jackal (D:2)
  4 quokkas
  3 ball pythons
  4 frilled lizards
  12 kobolds
  6 rats
81 creatures vanquished.

Notes
Turn   | Place    | Note
-------+----------+-------------------------------------------
     0 | D:1      | Stomo the Demonspawn Gladiator began the quest for the Orb.
     0 | D:1      | Reached XP level 1. HP: 16/16 MP: 1/1
   272 | D:1      | Discovered your monstrous ancestry.
   272 | D:1      | Gained mutation: You have a small tail. [demonic ancestry]
   272 | D:1      | Reached XP level 2. HP: 17/22 MP: 2/2
   623 | D:1      | Found a faded altar of an unknown god.
  1279 | D:1      | Reached skill level 1 in Armour
  1445 | D:2      | Gained mutation: Your touch may inflict minor irresistible
                  | damage on your foes. [demonic ancestry]
  1445 | D:2      | Reached XP level 3. HP: 20/28 MP: 3/3
  1975 | D:2      | Noticed Sigmund
  2616 | D:3      | Gained mutation: You sometimes gain a little power by
                  | taking damage. [demonic ancestry]
  2616 | D:3      | Reached XP level 4. HP: 34/34 MP: 4/4
  2656 | D:3      | Noticed Terence
  3182 | D:3      | Killed Terence
  3300 | D:4      | Noticed a black bear
  3303 | D:4      | Noticed a black bear
  3318 | D:3      | Killed a black bear
  3319 | D:3      | Gained mutation: You sometimes gain power by taking damage.
                  | [demonic ancestry]
  3319 | D:3      | Reached XP level 5. HP: 39/41 MP: 5/5
  3374 | D:4      | Noticed a black bear
  3435 | D:4      | Found Tastuf's Jewellery Shoppe.
  3471 | D:4      | Found Sijo's Antique Armour Boutique.
  3483 | D:4      | Noticed a necrophage
  3509 | D:4      | Killed a necrophage
  3510 | D:4      | Reached XP level 6. HP: 40/47 MP: 6/6
  3703 | D:4      | Found Xades's Jewellery Shoppe.
  3925 | D:4      | Found a shimmering blue altar of Sif Muna.
  3931 | D:4      | Found a sacrificial altar of Ru.
  3936 | D:4      | Found a burning altar of Makhleb.
  4113 | D:4      | Found a bloodstained altar of Trog.
  4128 | D:4      | Reached XP level 7. HP: 32/54 MP: 7/7
  4692 | D:5      | Entered Level 5 of the Dungeon
  4692 | D:5      | Found a broken altar of Ashenzari.
  4912 | D:5      | Found a shadowy altar of Dithmenos.
  5154 | D:5      | Found a staircase to the Ecumenical Temple.
  5162 | D:5      | Noticed Blork the orc
  5176 | Temple   | Entered the Ecumenical Temple
  5178 | Temple   | Slain by an orc priest

Illustrated notes

Levels and vault maps discovered:
D:1:      dpeg_arrival_rooms_with_view, layout_basic,
          dreamdust_ecumenical_altar_statues
D:2:      kennysheep_six_static_rooms, layout_loops_ring, uniq_sigmund
D:3:      layout_loops_ring, zin_treasury, serial_glass, glass_columns_c,
          glass_columns_a, uniq_terence
D:4:      layout_basic, trog_ov_bears_minmay, grunt_temple_overflow_diamond,
          serial_shops, shop, nicolae_shop_stone, nicolae_shop_hallway_stairs
D:5:      layout_basic, mainiacjoe_overflow_paths, mainiacjoe_overflow_alcove_4,
          slow_altar_1, minmay_temple_entry_waves, minmay_misc_feat_hallway,
          minmay_misc_feat_enclosed, serial_bayou_pond_e,
          pf_guarded_unrand_meek, uniq_blork_the_orc
Temple:   dpeg_chambers_temple

Skill      XL: |  1  2  3  4  5  6 |
---------------+-------------------+-----
Short Blades   | 3 4 |  4.6
Dodging        | 3 4 |  4.5
Armour         | 1 2 3 |  3.5
Fighting       | 3 4 |  4.4
Throwing       | |  1.8

Action                   |  1- 3 |  4- 6 |  7- 9 || total
-------------------------+-------+-------+-------++-------
Melee: Rapier            |   121 |    88 |    36 ||   245
       Tailslap          |    12 |    15 |     6 ||    33
       Punch             |     2 |     2 |     4 ||     8
       Touch             |     6 |    11 |     6 ||    23
Throw: Throwing net      |       |     4 |       ||     4
  Use: Scroll            |       |     8 |     1 ||     9
       Potion            |       |       |     2 ||     2
 Stab: Sleeping          |     1 |       |       ||     1
Armor: Leather armour    |    30 |     2 |       ||    32
       Ring mail         |       |    28 |    16 ||    44
Dodge: Dodged            |    50 |    47 |    29 ||   126
